 Dungeon Crawl Stone Soup version 0.29-a0-330-g52719c12eb (webtiles) character file.

Game seed: 1554981181859479098

21 sanka the Insei (level 2, 26/29 HPs)
             Began as a Gnoll Monk on May 20, 2022.
             Was a Believer of Uskayaw.
             Quit the game on level 1 of the Dungeon.
             The game lasted 00:00:45 (736 turns).

sanka the Insei (Gnoll Monk)                         Turns: 736, Time: 00:00:46

Health: 26/29      AC:  3    Str: 10    XL:     2   Next: 87%
Magic:  2/2        EV: 15    Int:  9    God:    Uskayaw [**....]
Gold:   22         SH:  0    Dex: 14    Spells: 2/2 levels left

rFire   . . .      SeeInvis .     - Unarmed
rCold   . . .      Faith    .   (no shield)
rNeg    . . .      Spirit   .   a - +0 robe
rPois   .          Reflect  .   (no helmet)
rElec   .          Harm     .   (no cloak)
rCorr   .          Rampage  .   (no gloves)
Will    .....                   c - +0 pair of boots
Stlth   +++.......              (no amulet)
HPRegen 0.09/turn               (no ring)
MPRegen 0.08/turn               (no ring)

@: no status effects
A: fangs 1, strong nose, distributed training
a: Renounce Religion, Stomp, Line Pass


You were on level 1 of the Dungeon.
You worshipped Uskayaw.
Uskayaw was noncommittal.
You visited 1 branch of the dungeon, and saw 1 of its levels.

You collected 22 gold pieces.


Innate Abilities, Weirdness & Mutations

You have very sharp teeth.
Your uncanny sense of smell can sniff out nearby items.
Your experience applies equally to all skills.


   Skills:
 + Level 6.5 Fighting
 + Level 0.5 Short Blades
 + Level 0.5 Long Blades
 + Level 0.5 Axes
 + Level 0.5 Maces & Flails
 + Level 0.5 Polearms
 + Level 0.5 Staves
 + Level 0.5 Slings
 + Level 0.5 Bows
 + Level 0.5 Crossbows
 + Level 0.5 Throwing
 + Level 0.5 Armour
 + Level 6.5 Dodging
 + Level 4.1 Stealth
 + Level 0.5 Shields
 + Level 6.5 Unarmed Combat
 + Level 0.5 Spellcasting
 + Level 0.4 Conjurations
 + Level 0.4 Hexes
 + Level 0.4 Summonings
 + Level 0.4 Necromancy
 + Level 0.4 Translocations
 + Level 0.4 Transmutations
 + Level 0.4 Fire Magic
 + Level 0.4 Ice Magic
 + Level 0.4 Air Magic
 + Level 0.4 Earth Magic
 + Level 0.4 Poison Magic
 + Level 0.7 Invocations
 + Level 0.5 Evocations


You had 2 spell levels left.
You didn't know any spells.
Your spell library contained the following spells:

 Spells                   Type           Power      Damage    Failure   Level
 Iskenderun's Battlesphe  Conj           0%         2d6       100%        5
 Iron Shot                Conj/Erth      0%         9d1       100%        6
 Spellforged Servitor     Conj/Summ      0%         N/A       100%        7

Inventory:

Armour
 a - a +0 robe (worn)
 c - a +0 pair of boots (worn)
Scrolls
 f - a scroll of fear {unknown}
 g - a scroll of enchant weapon {unknown}
 h - a scroll of identify {unknown}
Potions
 b - a potion of ambrosia
 d - a potion of attraction {unknown}
 e - a potion of might {unknown}
 i - a potion of haste {unknown}

Dungeon Overview and Level Annotations

Branches:
Dungeon (1/15)

Altars:
Uskayaw

▒▒▒ ..▒▒
▒..▒ ▒▒▒
▒▒▒ ▒▒.▒
..!. ...▒
▒▒.▒ ....▒
▒...▒ ...▒
▒...▒ ▒...▒
.⌠.▒
▒...▒▒▒...▒
...▒
▒...8...▒
▒.▒▒
▒..g..▒
...▒
▒▒...▒▒
.⌠.▒ ▒...▒
...▒ ▒!..▒
▒▒.▒ ▒...▒
▒▒.▒ ▒...▒
▒..▒
▒...▒▒▒▒
..▒▒▒▒▒
▒▒▒....▒
▒▒▒▒▒.▒▒
▒▒▒▒.▒


There were no monsters in sight!


Message History

The dart slug bites you but does no damage.
You punch the dart slug!
You kill the dart slug!
No target in view!
No target in view!
An endoplasm comes into view.
Found a fizzy ruby potion.
Found a faded altar of an unknown god.
An endoplasm is nearby!
An endoplasm is nearby!
An endoplasm is nearby!
An endoplasm is nearby!
The endoplasm freezes you.
You are frozen.
You hit the endoplasm but do no damage. The endoplasm hits you.
You hit the endoplasm but do no damage. The endoplasm barely misses you.
You punch the endoplasm!
You kill the endoplasm!
No target in view!
No target in view!
Found a murky purple potion.
There is a faded altar of an unknown god here.
You cannot tell which god this altar belongs to.
Convert to them anyway?
Uskayaw accepts your prayer! Uskayaw welcomes you!
You can now stomp with the beat.
You can now pass through a line of other dancers.
Are you sure you want to abandon this character and quit the game? (Confirm with "yes".)

Action                   || total
-------------------------++-------
Melee: Unarmed           ||    39
       Bite              ||     2
 Stab: Sleeping          ||    11
Armor: Robe              ||     5
Dodge: Dodged            ||    12

Levels and vault maps discovered:
D:1:      dpeg_arrival_chambers_temple_mockup, layout_loops_ring,
          hellmonk_ecumenical_altar_crossroads

Notes
Turn   | Place    | Note
-------+----------+-------------------------------------------
     0 | D:1      | sanka the Gnoll Monk began the quest for the Orb.
     0 | D:1      | Reached XP level 1. HP: 23/23 MP: 1/1
   327 | D:1      | Reached XP level 2. HP: 29/29 MP: 2/2
   724 | D:1      | Found a faded altar of an unknown god.
   735 | D:1      | Prayed at the altar of an unknown god.
   735 | D:1      | Became a worshipper of Uskayaw the Reveller
   735 | D:1      | Reached * piety under Uskayaw
   735 | D:1      | Reached ** piety under Uskayaw
   736 | D:1      | Quit the game

Vanquished Creatures
  2 dart slugs (D:1)
  A bat (D:1)
  An endoplasm (D:1)
  4 hobgoblins (D:1)
  2 quokkas (D:1)
  2 ball pythons (D:1)
  A frilled lizard (D:1)
  2 kobolds (D:1)
  2 rats (D:1)
17 creatures vanquished.
